Map: Odzyskanie ER

Players

ДралЗелю

  • Race: Zerg Zerg
  • League: Diamond
  • Spawn Location: 11:00

XoXoJI

  • Race: Zerg Zerg
  • League: Master
  • Spawn Location: 12:00

Storstark - Winner!

  • Race: Zerg Zerg
  • League: Master
  • Spawn Location: 6:00

Khroux - Winner!

  • Race: Zerg Zerg
  • League: Diamond
  • Spawn Location: 5:00

VOD

Have the link to the VOD?

Description

Time

  • Played on: June 21, 2025, 12:02 p.m.
  • Length: 7:50
Show
View Real Time Build Order
Export as new Build Order

ДралЗелю Zerg 

Build Orders: Hatch First 

Get SALT Encoding   

  12  0:01  Drone  
  13  0:12  Overlord  
  13  0:17  Drone  
  14  0:31  Drone x2  
  17  0:35  Drone  
  17  0:46  Drone  
  18  0:54  Hatchery  
  17  1:00  Extractor  
  16  1:10  Spawning Pool  
  15  1:14  Drone  
  15  1:16  Drone  
  17  1:20  Drone  
  18  1:29  Drone  
  19  1:41  Overlord  
  19  1:50  Drone  
  20  1:57  Queen  
  22  2:01  Zergling x2  
  22  2:04  Metabolic Boost  
  22  2:07  Queen  
  25  2:10  Zergling x2  
  26  2:17  Zergling x2  
  27  2:24  Drone x2  
  29  2:31  Drone  
  29  2:33  Queen  
  32  2:39  Overlord  
  32  2:42  Drone  
  33  2:46  Drone  
  33  2:50  Drone  
  35  3:00  Zergling x2  
  35  3:01  Zergling x2  
  37  3:05  Spine Crawler  
  36  3:13  Spine Crawler  
  35  3:20  Zergling x4  
  35  3:21  Baneling Nest, Zergling x6  
  39  3:32  Zergling x4  
  39  3:33  Zergling x4  
  32  3:48  Zergling x8  
  22  4:10  Baneling x2  
  22  4:17  Baneling  
  22  4:19  Drone  
  22  4:20  Drone x4  
  22  4:22  Drone  
  28  4:38  Queen  
  30  4:47  Queen  
  32  4:58  Baneling  
  30  5:10  Baneling  
  30  5:11  Baneling  
  30  5:14  Zergling x2  
  30  5:15  Zergling x10  
  34  5:32  Zergling x2  
  34  5:33  Zergling x2  
  34  5:34  Baneling  
  34  5:35  Baneling x2  
  35  5:40  Zergling x2  
  35  5:41  Zergling x2  
  34  5:47  Baneling  
  34  5:53  Zergling x4  
  34  5:54  Spine Crawler x2  
  34  5:55  Baneling  
  34  6:00  Drone x2  
  36  6:14  Overlord  
  36  6:17  Drone  
  37  6:25  Drone x4  
  41  6:30  Lair  
  41  6:38  Evolution Chamber  
  40  6:40  Evolution Chamber  
  37  6:59  Drone x9  
  46  7:02  Extractor x2  
Show
View Real Time Build Order
Export as new Build Order

XoXoJI Zerg 

Build Orders: Hatch First 

Get SALT Encoding   

  12  0:01  Drone  
  13  0:09  Drone  
  14  0:16  Overlord  
  14  0:38  Drone x3  
  17  0:53  Hatchery  
  17  0:55  Drone  
  17  1:01  Drone, Extractor  
  17  1:20  Spawning Pool  
  17  1:25  Drone x2  
  18  1:37  Overlord  
  18  2:07  Zergling x8  
  18  2:08  Queen  
  22  2:10  Queen  
  26  2:18  Metabolic Boost  
  26  2:22  Drone  
  27  2:24  Drone  
  28  2:38  Drone  
  28  2:39  Drone x2  
  28  2:43  Drone  
  32  2:51  Roach Warren  
  31  2:59  Spine Crawler  
  30  3:11  Drone  
  31  3:14  Zergling x10  
  31  3:19  Extractor  
  35  3:21  Overlord  
  35  3:23  Drone  
  34  3:41  Roach  
  34  3:42  Roach x3  
  34  3:45  Roach  
  43  3:56  Overlord  
  43  3:59  Lair  
  43  4:17  Drone x5  
  43  4:18  Drone x2  
  43  4:22  Overlord  
  50  4:37  Drone x2  
  50  4:38  Overlord  
  51  4:51  Drone x5  
  40  5:17  Roach  
  40  5:18  Roach x7  
  22  5:52  Roach  
  22  5:53  Roach x2  
  28  6:19  Drone  
  28  6:20  Drone x2  
Show
View Real Time Build Order
Export as new Build Order

Storstark Zerg - Winner!

Build Orders: Hatch First 

Get SALT Encoding   

  12  0:00  Drone  
  13  0:07  Drone  
  14  0:32  Hatchery  
  14  0:35  Drone  
  14  0:43  Overlord  
  14  0:50  Extractor, Drone  
  14  1:07  Spawning Pool  
  14  1:09  Drone  
  14  1:14  Drone  
  14  1:17  Drone  
  16  1:21  Drone  
  17  1:31  Drone  
  18  1:53  Queen  
  20  1:54  Queen  
  22  2:02  Metabolic Boost  
  22  2:06  Zergling x2  
  23  2:11  Overlord  
  23  2:15  Zergling x2  
  24  2:19  Zergling x2  
  24  2:21  Zergling x2  
  26  2:25  Zergling x2  
  26  2:28  Zergling x2  
  28  2:35  Zergling x4  
  28  2:37  Zergling x2  
  31  2:43  Zergling x2  
  32  2:44  Zergling x2  
  33  2:54  Zergling x2  
  33  2:57  Overlord  
  34  3:03  Overlord  
  34  3:09  Baneling Nest  
  34  3:11  Drone  
  34  3:12  Drone  
  35  3:15  Drone  
  35  3:19  Drone  
  37  3:21  Drone  
  36  3:34  Drone  
  35  3:46  Zergling x2  
  35  3:47  Zergling x12  
  35  3:48  Zergling x2  
  41  3:53  Zergling x4  
  41  4:00  Zergling x2  
  41  4:02  Zergling x4  
  42  4:12  Zergling x2  
  42  4:16  Baneling x2  
  42  4:17  Baneling  
  42  4:26  Baneling  
  42  4:27  Baneling  
  42  4:28  Zergling x2  
  42  4:30  Zergling x10  
  42  4:31  Zergling x4  
  50  4:33  Zergling x2  
  51  4:39  Drone  
  51  4:45  Overlord  
  52  4:57  Drone  
  49  5:10  Drone  
  49  5:11  Drone x6  
  46  5:28  Drone x8  
  43  5:34  Baneling x4  
  47  5:39  Zergling x2  
  47  5:40  Zergling x2  
  47  5:41  Zergling x2  
  49  5:48  Spine Crawler  
  49  5:49  Spine Crawler  
  47  5:50  Spine Crawler  
  44  6:00  Zergling x2  
  44  6:01  Zergling x10  
  44  6:03  Zergling x6  
  53  6:04  Zergling x2  
  53  6:10  Evolution Chamber  
  53  6:11  Zergling x2  
  53  6:15  Zergling x2  
  55  6:24  Zergling x2  
  56  6:27  Zergling x2  
  56  6:30  Zergling x2  
  56  6:31  Zergling x4  
  59  6:47  Zergling x2  
  59  6:50  Zergling x2  
  59  7:11  Baneling  
  59  7:12  Baneling  
  51  7:19  Zergling x16  
  51  7:20  Zergling x4  
  58  7:27  Zergling x2  
  58  7:46  Extractor  
  58  7:47  Extractor  
  56  7:48  Extractor  
Show
View Real Time Build Order
Export as new Build Order

Khroux Zerg - Winner!

Build Orders: Hatch First 

Get SALT Encoding   

  12  0:00  Drone  
  13  0:12  Drone  
  14  0:32  Hatchery  
  13  0:37  Drone  
  14  0:44  Overlord  
  14  0:50  Extractor, Drone  
  14  1:07  Spawning Pool  
  14  1:09  Drone  
  14  1:14  Drone  
  15  1:21  Drone x2  
  17  1:31  Drone  
  18  1:55  Queen x2  
  22  2:01  Metabolic Boost  
  22  2:05  Zergling x2  
  23  2:11  Overlord  
  23  2:25  Zergling x8  
  23  2:27  Zergling x2  
  28  2:38  Zergling x2  
  28  2:39  Zergling x4  
  31  2:50  Zergling x4  
  33  2:59  Zergling x2  
  33  3:00  Overlord  
  33  3:02  Overlord  
  34  3:08  Drone x2  
  36  3:18  Drone x2, Baneling Nest  
  37  3:25  Overlord  
  37  3:27  Drone  
  37  3:39  Drone x4  
  40  3:41  Drone  
  40  3:44  Drone  
  40  3:47  Drone  
  42  3:54  Zergling x4  
  42  3:55  Zergling x2  
  38  4:15  Zergling x10  
  43  4:18  Spine Crawler x2  
  43  4:22  Baneling x3  
  43  4:24  Zergling x6  
  44  4:37  Drone x3  
  47  4:41  Queen  
  49  4:49  Drone x4  
  49  4:52  Drone  
  54  4:57  Overlord  
  54  4:59  Baneling  
  54  5:00  Baneling  
  47  5:34  Drone x3  
  47  5:35  Drone x9  
  55  5:47  Hatchery  
  55  5:49  Roach Warren  
  52  5:59  Spine Crawler  
  52  6:00  Spine Crawler x2  
  52  6:02  Drone x5  
  54  6:04  Spine Crawler x2  
  52  6:18  Zergling x6  
  54  6:25  Zergling x2  
  54  6:26  Zergling x10  
  60  6:39  Lair  
  59  6:43  Extractor  
  57  6:56  Drone x10  
  67  7:04  Drone  
  67  7:05  Drone x2  
  70  7:20  Hatchery  
  69  7:28  Extractor x2  
  66  7:32  Extractor  
  66  7:33  Extractor  
  58  7:42  Evolution Chamber x2  
Tags
 
Add a new tag
Caveats
  • Supply blocks, unpowered buildings, or Contaminate may cause inaccurate times.
  • Supply counts are checked every 10 seconds.